 Dungeon Crawl Stone Soup version 0.28-a0-883-gc8d7bad45d (webtiles) character file.

Game seed: 15528083546119869052

21510 Anon1729 the Party-goer (level 12, -1/96 HPs)
             Began as a Black Draconian Transmuter on Nov 21, 2021.
             Was a Follower of Uskayaw.
             Slain by a yak (12 damage)
             ... on level 2 of the Lair of Beasts.
             The game lasted 00:45:26 (21449 turns).

Anon1729 the Party-goer (DrTm)                     Turns: 21449, Time: 00:45:27

Health: -1/96      AC: 14    Str: 16    XL:     12   Next: 54%
Magic:  20/20      EV: 14    Int: 17    God:    Uskayaw [*.....]
Gold:   1543       SH:  5    Dex: 12    Spells: 11/21 levels left

rFire   + . .      SeeInvis .     - Unarmed
rCold   x . .      Faith    .   (no shield)
rNeg    . . .      Spirit   .   (armour unavailable)
rPois   .          Reflect  +   (helmet currently unavailable)
rElec   +          Harm     .   r - +0 cloak
rCorr   .          Rampage  .   d - +0 pair of gloves
Will    .....                   (boots currently unavailable)
Stlth   +.........              G - amulet of reflection
HPRegen 0.26/turn               q - +4 ring of protection
MPRegen 0.17/turn               g - ring of fire

@: appendages (expiring), studying Shields
A: horns 2, talons 2, breathe lightning, AC +8, unfitting armour, electricity
resistance, cold-blooded, strong 1, wild magic 1
a: Breathe Lightning, End Transformation, Renounce Religion, Stomp


You were on level 2 of the Lair of Beasts.
You worshipped Uskayaw.
Uskayaw was aware of your devotion.
You had temporarily grown beastly horns and talons.
You visited 3 branches of the dungeon, and saw 15 of its levels.
You also visited: Bailey.

You collected 1633 gold pieces.
You spent 90 gold pieces at shops.

Inventory:

Missiles
 x - 34 boomerangs
Armour
 d - a +0 pair of gloves (worn)
 r - a +0 cloak (worn)
 s - a +0 pair of boots (melded)
Jewellery
 g - a ring of fire (right hand)
 o - a ring of ice
 q - a +4 ring of protection (left hand)
 E - an amulet of the acrobat
 G - an amulet of reflection (around neck)
 H - a ring of ice
 I - a ring of poison resistance
Wands
 m - a wand of polymorph (9)
 n - a wand of flame (18)
 v - a wand of paralysis (10)
 F - a wand of digging (8)
 J - a wand of charming (9)
Scrolls
 b - 3 scrolls of vulnerability
 c - 3 scrolls of fog
 f - 3 scrolls of teleportation
 i - 3 scrolls of enchant weapon
 j - 2 scrolls of brand weapon
 u - a scroll of holy word {unknown}
 w - 2 scrolls of torment
 y - a scroll of acquirement {unknown}
 z - 2 scrolls of enchant armour
 D - a scroll of immolation
Potions
 a - 3 potions of might
 e - 3 potions of haste
 h - 7 potions of curing
 k - 3 potions of attraction
 l - 2 potions of brilliance
 p - 2 potions of flight {unknown}
 A - a potion of cancellation {unknown}
 C - a potion of degeneration {unknown}


   Skills:
 - Level 6.0 Fighting
 + Level 6.7 Dodging
 * Level 10.5 Unarmed Combat
 - Level 5.3 Spellcasting
 * Level 10.3 Transmutations
 + Level 7.7 Air Magic
 - Level 2.0 Poison Magic
 * Level 10.6 Invocations


You had 11 spell levels left.
You knew the following spells:

 Your Spells              Type           Power      Damage    Failure   Level
a - Beastly Appendage     Tmut           100%       N/A       1%          1
b - Wereblood             Tmut           51%        N/A       1%          2
c - Spider Form           Tmut/Pois      33%        N/A       5%          3
d - Ice Form              Ice/Tmut       28%        N/A       22%         4

Your spell library contained the following spells:

 Spells                   Type           Power      Damage    Failure   Level
 Corpse Rot               Necr/Air       44%        N/A       7%          2
 Freeze                   Ice            20%        1d4       21%         1
 Pain                     Necr           20%        1d5       21%         1
 Scorch                   Fire           16%        2d5       30%         2
 Frozen Ramparts          Ice            10%        1d3       47%         3
 Gell's Gravitas          Tloc           5%         N/A       47%         3
 Stone Arrow              Conj/Erth      10%        3d7       47%         3
 Teleport Other           Tloc           5%         N/A       47%         3
 Animate Dead             Necr           2%         N/A       86%         4
 Dispel Undead            Necr           5%         3d7       86%         4
 Flame Wave               Conj/Fire      8%         3d4       86%         4
 Hailstorm                Conj/Ice       5%         3d4       86%         4
 Freezing Cloud           Conj/Ice/Air   8%         6-21      86%         5
 Agony                    Necr           5%         N/A       99%         5
 Borgnjor's Vile Clutch   Necr/Erth      2%         N/A       99%         5
 Excruciating Wounds      Necr           2%         N/A       99%         5
 Death Channel            Necr           2%         N/A       100%        6
 Dispersal                Tloc           2%         N/A       100%        6
 Simulacrum               Ice/Necr       2%         N/A       100%        6
 Summon Cactus Giant      Summ           2%         N/A       100%        6
 Lehudib's Crystal Spear  Conj/Erth      2%         10d2      100%        8
 Polar Vortex             Ice            2%         N/A       100%        9
 Animate Armour           Summ/Erth      Unusable   N/A       N/A         4

Dungeon Overview and Level Annotations

Branches:
Dungeon (12/15)            Temple (1/1) D:5            Lair (2/6) D:10
    Orc (0/2) D:12         Bailey (visited)
  Swamp: Lair:2-4    Shoals: Lair:2-4     Snake: Lair:2-4    Spider: Lair:2-4

Altars:
Ashenzari
Cheibriados
Dithmenos
Elyvilon
Fedhas
Gozag
Hepliaklqana
Kikubaaqudgha
Makhleb
Nemelex Xobeh
Okawaru
Qazlal
Ru
Sif Muna
Trog
Uskayaw
Vehumet
Wu Jian
Xom
Yredelemnul
Zin
The Shining One

Shops:
D:5 *

Annotations:
D:6 2 transporters, benappo's ghost, amateur GnWn
D:10 3 runed translucent doors, casual's ghost, novice DsTm
Lair:1 1 runed translucent door, casual's ghost, journeyman DsMo
Lair:2 exclusion: oklob plant


Innate Abilities, Weirdness & Mutations

You have temporarily grown beastly horns and talons.
You can breathe wild blasts of lightning.
Your glossy black scales are hard. (AC +8)
You cannot fit into any form of body armour.
You are resistant to electric shocks. (rElec)
You are cold-blooded and may be slowed by cold attacks.
Your muscles are strong. (Str +2)
Your spells are a little harder to cast, but a little more powerful.


Message History

The bullfrog closely misses you.
An oklob plant comes into view.
Found 14 gold pieces, a helmet and 16 bolts.
You have got your breath back.
Marking area around an oklob plant as unsafe for travelling.
You see here a +0 lajatang.
Found a dyed leather armour and a runed falchion.
You block the bullfrog's attack.
Casting: Beastly Appendage (safe; 1% risk of failure)
Confirm with . or Enter, or press ? or * to list all spells.
Okay, then.
Unknown command.
You closely miss the bullfrog. You block the bullfrog's attack.
You punch the bullfrog! You headbutt the bullfrog!
The bullfrog is almost dead.
The bullfrog closely misses you.
Aiming: Paralyse
Press: ? - help, Shift-Dir - straight line, f - bullfrog
Aim: a bullfrog (almost dead, chance to affect: 46%)
The bullfrog resists with some effort.
The bullfrog closely misses you.
The bullfrog hits you but does no damage.
As you read the scroll of teleportation, it crumbles to dust.
You feel strangely unstable.
The bullfrog hits you but does no damage.
The bullfrog hits you but does no damage. x2
The bullfrog barely misses you.
The bullfrog hits you but does no damage.
The bullfrog misses you.
Your surroundings suddenly seem different. 6 yaks come into view.
The yak bellows! x5
The yak gores you but does no damage. The yak closely misses you.
The yak gores you.
* * * LOW HITPOINT WARNING * * *
The yak closely misses you. The yak barely misses you.
Okay, then.
Your transformation is almost over.
The yak gores you!
You die...

+...Y..# .♣
#.Y.Y### ♣
#.Y...#
#.Y..##
###...##
#...Y#####
###..Y...#
#...Y..#
#....@.#
#...##....#
#..## #####
....#
......#
....## ####


You could see 3 yaks.

Vanquished Creatures
  Josephine (D:10)
  Fannar (Lair:1)
  3 hydras
  Erica (D:11)
  3 two-headed ogres
  Pikel (D:5)
  A cyclops (D:12)
  An elephant (Lair:2)
  3 centaur zombies (D:10)
  A black mamba (Lair:2)
  Joseph (D:8)
  3 cane toads (Lair:1)
  A rime drake (Lair:1)
  3 komodo dragons (Lair:1)
  5 trolls
  2 hornets
  2 blink frogs (Lair:2)
  Sigmund (D:5)
  2 wyverns
  A vampire (D:11)
  3 wraiths
  22 yaks
  2 steam dragons (D:8)
  Menkaure (D:5)
  4 vampire mosquitoes (D:11)
  2 wargs
  8 water moccasins
  8 orc warriors
  An ice beast (D:6)
  A sky beast (D:6)
  2 black bears
  An ogre (D:4)
  2 hornet zombies
  5 wolves (Lair:1)
  3 centaurs
  4 lemures (D:5)
  3 scorpions
  2 bullfrogs
  2 wyvern zombies
  A water moccasin skeleton (D:4)
  19 killer bees
  2 howler monkeys
  A bullfrog zombie (D:6)
  2 hounds (D:4)
  3 jellies (D:6)
  A centaur skeleton (D:7)
  2 orc priests
  Jessica (D:2)
  A gnoll shaman (D:8)
  6 orc wizards
  A killer bee zombie (D:6)
  A howler monkey zombie (D:8)
  Robin (D:2)
  7 adders
  7 gnolls
  2 ufetubi (D:6)
  An adder skeleton (D:5)
  A worm (D:2)
  25 orcs
  5 ball pythons
  5 bats
  4 endoplasms
  4 giant cockroaches
  19 goblins
  7 hobgoblins
  A quokka (D:1)
  A frilled lizard (D:1)
  16 kobolds
  A quokka skeleton (D:4)
  9 rats
270 creatures vanquished.

Vanquished Creatures (others)
  An orc (D:6)
  16 bushes (D:8)
  3 fungi
  7 plants
27 creatures vanquished.

Grand Total: 297 creatures vanquished

Notes
Turn   | Place    | Note
-------+----------+-------------------------------------------
     0 | D:1      | Anon1729 the Draconian Transmuter began the quest for the
                  | Orb.
     0 | D:1      | Reached XP level 1. HP: 16/16 MP: 3/3
   157 | D:1      | Found a faded altar of an unknown god.
   455 | D:1      | Reached XP level 2. HP: 15/23 MP: 5/5
  1403 | D:2      | Reached XP level 3. HP: 7/28 MP: 6/6
  2133 | D:2      | Noticed Robin
  2165 | D:1      | Learned a level 2 spell: Wereblood
  2169 | D:1      | Learned a level 3 spell: Spider Form
  2189 | D:2      | Reached XP level 4. HP: 30/36 MP: 5/7
  2192 | D:2      | Killed Robin
  2310 | D:2      | Noticed Jessica
  2315 | D:2      | Killed Jessica
  3253 | D:3      | Reached XP level 5. HP: 35/41 MP: 8/8
  3335 | D:3      | Found a hide-covered altar of Uskayaw.
  3415 | D:3      | Became a worshipper of Uskayaw the Reveller
  3630 | D:4      | Reached * piety under Uskayaw
  3643 | D:4      | Noticed a black bear
  3648 | D:4      | Reached ** piety under Uskayaw
  3662 | D:4      | Reached *** piety under Uskayaw
  3665 | D:4      | Killed a black bear
  3666 | D:4      | Reached skill level 1 in Poison Magic
  3666 | D:4      | Reached skill level 1 in Invocations
  3804 | D:4      | Reached XP level 6. HP: 31/50 MP: 6/10
  4501 | D:4      | Your scales start taking on a glossy black colour.
  4501 | D:4      | Reached XP level 7. HP: 35/56 MP: 4/11
  4501 | D:4      | Gained mutation: You are resistant to electric shocks.
                  | (rElec) [Black Draconian growth]
  4665 | D:4      | Reached **** piety under Uskayaw
  5085 | D:5      | Entered Level 5 of the Dungeon
  5168 | D:5      | Noticed Menkaure
  5630 | D:5      | Killed Menkaure
  5631 | D:5      | Reached skill level 5 in Unarmed Combat
  5631 | D:5      | Reached skill level 1 in Air Magic
  5675 | D:5      | Found a staircase to the Ecumenical Temple.
  5696 | D:5      | Noticed Sigmund
  6146 | D:5      | Killed Sigmund
  6147 | D:5      | Reached XP level 8. HP: 44/63 MP: 9/13
  6223 | D:5      | Noticed Pikel
  6262 | D:5      | Killed Pikel
  6263 | D:5      | Reached skill level 5 in Transmutations
  6683 | D:5      | Found Lebeiz's Lightly-Used Armoury.
  6944 | Temple   | Entered the Ecumenical Temple
  7328 | D:6      | Noticed a manticore
  7604 | D:6      | Found a transporter.
  7604 | D:6      | Found a basalt altar of Yredelemnul.
  7609 | D:6      | Found a transporter.
  7610 | D:6      | Noticed benappo's ghost (amateur GnWn)
  7941 | D:6      | Reached skill level 5 in Invocations
  7941 | D:6      | Reached XP level 9. HP: 49/71 MP: 14/14
  8102 | D:6      | Found a burning altar of Makhleb.
  9128 | D:7      | HP: 5/108 [poisoned by a killer bee]
 10672 | D:8      | Found a glowing silver altar of Zin.
 10673 | D:8      | Found Zin's Purification Station.
 10679 | D:8      | Bought a potion of curing for 90 gold pieces
 11282 | D:8      | Noticed a two-headed ogre
 11286 | D:8      | Killed a two-headed ogre
 11287 | D:8      | Reached skill level 5 in Fighting
 11287 | D:8      | Reached XP level 10. HP: 53/81 MP: 11/16
 11564 | D:8      | Noticed Joseph
 12105 | D:8      | Noticed a two-headed ogre
 12115 | D:8      | Killed a two-headed ogre
 12637 | D:8      | Killed Joseph
 13015 | D:9      | Noticed a two-headed ogre
 13030 | D:9      | Killed a two-headed ogre
 13031 | D:9      | Reached skill level 5 in Spellcasting
 13031 | D:9      | Reached skill level 5 in Air Magic
 13166 | D:9      | Reached skill level 5 in Dodging
 13302 | D:9      | Found a flagged portal.
 13308 | Bailey   | Entered a bailey
 13461 | Bailey   | Learned a level 4 spell: Ice Form
 13904 | Bailey   | Found a bloodstained altar of Trog.
 14411 | D:9      | Reached ***** piety under Uskayaw
 14713 | D:9      | Reached XP level 11. HP: 89/89 MP: 14/18
 15012 | D:10     | Entered Level 10 of the Dungeon
 15796 | D:10     | Found a runed translucent gate.
 15796 | D:10     | Found a runed translucent gate.
 15796 | D:10     | Found a runed translucent gate.
 15798 | D:10     | Found an opulent altar of Gozag.
 15798 | D:10     | Noticed an ettin
 15798 | D:10     | Noticed an ogre mage
 16022 | D:10     | Noticed Josephine
 16030 | D:10     | Killed Josephine
 16135 | D:10     | Found a staircase to the Lair.
 16151 | D:10     | Noticed casual's ghost (novice DsTm)
 16549 | D:10     | Paralysed by a hornet for 2 turns
 18114 | D:11     | Noticed a six-headed hydra
 18132 | D:11     | HP: 5/106 [six-headed hydra (11)]
 18134 | D:11     | Killed a six-headed hydra
 18538 | D:11     | Noticed Erica
 18549 | D:11     | Killed Erica
 19140 | D:12     | Noticed an eight-headed hydra
 19183 | D:12     | Found a staircase to the Orcish Mines.
 19285 | D:12     | Noticed a death knight
 19375 | Lair:1   | Entered Level 1 of the Lair of Beasts
 19398 | Lair:1   | Reached XP level 12. HP: 96/96 MP: 14/19
 19446 | Lair:1   | Gained mutation: You tend to lose your temper in combat.
                  | [mutagenic glow]
 19477 | Lair:1   | Lost mutation: You tend to lose your temper in combat.
                  | [potion of mutation]
 19477 | Lair:1   | Gained mutation: Your spells are a little harder to cast,
                  | but a little more powerful. [potion of mutation]
 19477 | Lair:1   | Gained mutation: Your muscles are strong. (Str +2) [potion
                  | of mutation]
 19607 | Lair:1   | Found a runed translucent door.
 19614 | Lair:1   | Noticed casual's ghost (journeyman DsMo)
 19752 | Lair:1   | Noticed Fannar
 19800 | Lair:1   | Killed Fannar
 19801 | Lair:1   | Reached skill level 10 in Unarmed Combat
 19801 | Lair:1   | Reached skill level 10 in Invocations
 20525 | Lair:1   | Noticed a four-headed hydra
 20640 | Lair:1   | Killed a four-headed hydra
 20641 | Lair:1   | Reached skill level 10 in Transmutations
 21210 | Lair:2   | Noticed a six-headed hydra
 21228 | Lair:2   | Killed a six-headed hydra
 21449 | Lair:2   | Slain by a yak

Illustrated notes

Levels and vault maps discovered:
D:1:      evilmike_arrival_rings, layout_basic,
          shapermc_ecumenical_altar_pompeii, minmay_misc_feat_alley,
          serial_bayou_pond_c
D:2:      layout_loops_ring, uniq_jessica, uniq_robin
D:3:      layout_loops_ring, mainiacjoe_overflow_alcove_1
D:4:      layout_cave_pools
D:5:      nicolae_BIG_FREAKIN_CUBE, layout_loops_ring,
          minmay_temple_entry_butterflies, hangedman_abyss_or_decor_lesser_grid,
          chequers_decorated_corner, chequers_serial_rivers_large_a,
          minmay_shop_damaged, uniq_pikel, uniq_sigmund, uniq_menkaure
D:6:      layout_rooms, grunt_temple_overflow_open, gammafunk_ghost_hive,
          nicolae_ossuary_entry_monument, minmay_manual_mail
D:7:      layout_layer_cave
D:8:      layout_basic, zin_purify, minmay_misc_feat_more_columns,
          minmay_hedge_maze, uniq_joseph
D:9:      layout_roguey, enter_bailey_1, minmay_misc_feat_tower
D:10:     layout_layer_cave, erik_lair_orcish_takeover, ebering_ghost_gozag,
          uniq_josephine
D:11:     layout_basic, uniq_erica
D:12:     layout_irregular_city, orc_0_dummy, serial_shops,
          nicolae_shop_bloodbath_and_beyond, shop, kennysheep_little_box,
          nicolae_square_shop, uniq_erolcha, uniq_maurice, uniq_psyche
Temple:   compressed_dpeg_circular_temple
Lair:1:   layout_small_grid, ebering_ghost_inner_flame, minivault_11,
          uniq_fannar
Lair:2:   nzn_winding_woodlands_stair_trap
          [nzn_winding_woodlands_5x15_lazy_stream,
          nzn_winding_woodlands_5x15_twine, nzn_winding_woodlands_5x15_cabin,
          nzn_winding_woodlands_15x15_thick_spiral,
          nzn_winding_woodlands_5x15_jagged,
          nzn_winding_woodlands_5x15_sidewinder,
          nzn_winding_woodlands_5x15_parted], layout_misc_corridors,
          elwin_shoals_entry_rooms

Skill      XL: |  1  2  3  4  5  6  7  8  9 10 11 12 |
---------------+-------------------------------------+-----
Dodging        | 2 3 4 5 6 |  6.7
Fighting       | 2 3 4 5 6 |  6.0
Transmutations | 3 4 5 6 8 9 10 | 10.3
Unarmed Combat | 4 5 6 7 8 9 10 | 10.5
Poison Magic   | 1 2 |  2.0
Invocations    | 1 2 3 5 6 7 9 10 | 10.6
Spellcasting   | 3 4 5 |  5.3
Air Magic      | 1 3 4 5 6 7 |  7.7

Action                   |  1- 3 |  4- 6 |  7- 9 | 10-12 || total
-------------------------+-------+-------+-------+-------++-------
Melee: Unarmed           |   114 |   154 |   269 |   534 ||  1071
       Tailslap          |    11 |    16 |    28 |    18 ||    73
       Headbutt          |     6 |    13 |    29 |    17 ||    65
       Kick              |    11 |    21 |    42 |    25 ||    99
       Punch             |     1 |     3 |     3 |     6 ||    13
 Cast: Beastly Appendage |    13 |    23 |    25 |    21 ||    82
       Wereblood         |     1 |     2 |       |     5 ||     8
       Spider Form       |       |     3 |     8 |    18 ||    29
       Ice Form          |       |       |       |    28 ||    28
Invok: Stomp             |       |     2 |     3 |     1 ||     6
       Line Pass         |       |       |     2 |       ||     2
 Abil: Breathe Lightning |       |       |     9 |    16 ||    25
       End Transformatio |       |       |     1 |     4 ||     5
Evoke: Wand              |       |       |     5 |     4 ||     9
  Use: Potion            |       |       |     6 |     2 ||     8
       Scroll            |       |       |     6 |    12 ||    18
 Stab: Sleeping          |       |     2 |       |       ||     2
       Paralysed         |       |     1 |     6 |    36 ||    43
       Confused          |       |       |     1 |       ||     1
Armor: Skin              |    43 |    46 |    88 |   203 ||   380
Dodge: Dodged            |    88 |   118 |   243 |   427 ||   876
Block: Other             |       |       |       |    15 ||    15

Table legend: (Time is in decaauts)
 A = Elapsed time spent in this place.
 B = Non-inter-level travel time spent in this place.
 C = Inter-level travel time spent in this place.
 D = Time resting spent in this place.
 E = Time spent auto-exploring this place.
 F = Levels seen in this place.
 G = Mean time per level.
                   A        B        C        D        E       F      G
               +--------+--------+--------+--------+--------+-----+--------+
         Total |  21308 |  20746 |    562 |   3896 |  13622 |  16 | 1331.8 |
       Dungeon |  18383 |  17872 |    511 |   3570 |  11832 |  12 | 1531.9 |
        Temple |     86 |     71 |     15 |      0 |     57 |   1 |   86.0 |
          Lair |   2051 |   2015 |     36 |     18 |   1560 |   2 | 1025.5 |
        Bailey |    786 |    786 |      0 |    308 |    173 |   1 |  786.0 |
               +--------+--------+--------+--------+--------+-----+--------+

Top non-repeatable levels by time:
     D:8: 2500 daAuts
     D:4: 2065 daAuts
     D:9: 2024 daAuts
    D:10: 1934 daAuts
     D:5: 1903 daAuts
  Lair:1: 1669 daAuts
     D:7: 1489 daAuts
    D:11: 1475 daAuts
     D:2: 1440 daAuts
     D:1: 1377 daAuts
     D:6: 1166 daAuts
     D:3: 799 daAuts
  Bailey: 786 daAuts
  Lair:2: 381 daAuts
    D:12: 205 daAuts
